 Dungeon Crawl Stone Soup version 0.23-a0-837-ga3e6480 (console) character file.

30 bli the Poker (level 3, -3/30 HPs)
             Began as a Merfolk Monk on Jan 24, 2019.
             Killed by nerve-wracking pain
             ... invoked by Jessica
              (12 damage)
             ... on level 2 of the Dungeon.
             The game lasted 00:03:13 (784 turns).

bli the Poker (Merfolk Monk)                         Turns: 784, Time: 00:03:14

Health: -3/30      AC:  3    Str: 11    XL:     3   Next: 20%
Magic:  3/3        EV: 14    Int:  9    God:
Gold:   72         SH:  0    Dex: 17    Spells: 2/2 levels left

rFire    . . .     SeeInvis .   a - +0 spear
rCold    . . .     Gourm    .   (no shield)
rNeg     . . .     Faith    .   b - +0 robe
rPois    .         Spirit   .   (no helmet)
rElec    .         Reflect  .   (no cloak)
rCorr    .         Harm     .   g - +0 pair of gloves
MR       .....                  (no boots)
Stlth    ++........             (no amulet)
HPRegen  0.10/turn              (no ring)
MPRegen  0.08/turn              (no ring)

@: lethally poisoned (-3 -> -29)
A: change form in water, swift swim, stealthy swim
a: no special abilities


You were on level 2 of the Dungeon.
You were not hungry.

You visited 1 branch of the dungeon, and saw 2 of its levels.

You collected 72 gold pieces.

Inventory:

Hand Weapons
 a - a +0 spear (weapon)
 m - a +0 dagger of venom
Missiles
 i - 3 stones (quivered)
Armour
 b - a +0 robe (worn)
 d - a +0 leather armour
 g - a +0 pair of gloves (worn)
Scrolls
 e - a scroll of fear {unknown}
 h - a scroll of teleportation {unknown}
 k - 2 scrolls of identify {unknown}
Potions
 j - 2 potions of curing {unknown}
 l - a potion of degeneration {unknown}
Comestibles
 c - 2 rations


   Skills:
 + Level 3.7 Fighting
 * Level 5.7 Polearms
 - Level 4.0 Dodging
 - Level 2.1 Stealth


You had 2 spell levels left.
You didn't know any spells.
Your spell library was empty.

Dungeon Overview and Level Annotations

Branches:
Dungeon (2/15)

Altars:

Annotations:
D:2 Jessica


Message History

You hit the hobgoblin but do no damage.
You feel sick.
The hobgoblin hits you but does no damage.
You barely miss the hobgoblin.
You feel sick. The hobgoblin closely misses you.
You hit the hobgoblin but do no damage.
You feel sick.
The hobgoblin hits you with a +4 dagger of venom.
You are more poisoned.
You hit the hobgoblin.
The hobgoblin is lightly wounded.
You feel sick. The hobgoblin closely misses you.
All of the chunks of flesh in your inventory have rotted away.
Attack whom?
Press: ? - help, Dir - move target cursor, f/p - Jessica
Aim: Jessica, wielding a +0 club and wearing a +0 robe (almost dead)
You reach to attack!
You barely miss Jessica.
Jessica is almost dead.
* * * LOW HITPOINT WARNING * * *
You feel sick. The hobgoblin closely misses you. Jessica casts a spell at you.
Pain shoots through your body!
You die...

......# ......# ......#
......# #.........
......#########.........
......'.................
......#...####..........
......#...# #..........
......#...# #..@.......
##'####...# #..........
#.####...####..@.......
#.#..'...+.....g.######
#[#.##...####.########
#.#.##...# #........#
#.#.##...###########.#
#.#.#####<...........#
#.#.#####............#
##.#†....'............#
.#.#.....#............#
.#.#.###.#............#
##.#.###.#............#


You could see Jessica and a hobgoblin.

Vanquished Creatures
  A worm (D:1)
  4 dart slugs
  A giant cockroach (D:1)
  2 goblins (D:1)
  A hobgoblin (D:2)
  2 jackals (D:1)
  2 bats (D:2)
  3 frilled lizards (D:1)
  3 kobolds
  2 rats (D:1)
21 creatures vanquished.

Notes
Turn   | Place    | Note
-------+----------+-------------------------------------------
     0 | D:1      | bli the Merfolk Monk began the quest for the Orb.
     0 | D:1      | Reached XP level 1. HP: 18/18 MP: 1/1
   116 | D:1      | Reached XP level 2. HP: 22/24 MP: 2/2
   146 | D:1      | Reached skill level 5 in Polearms
   466 | D:1      | Reached XP level 3. HP: 24/30 MP: 3/3
   769 | D:2      | Noticed Jessica
   784 | D:2      | Killed from afar by Jessica

Vault maps used:
D:1:      noname_arrival_rooms_in_the_neighbourhood
D:2:      marbit_many_paths, corexii_hall_statues_x, uniq_crazy_yiuf_cottage,
          uniq_jessica

Skill      XL: |  1  2 |
---------------+-------+-----
Polearms       | 5 |  5.7
Fighting       | |  3.7
Dodging        | |  4.0
Stealth        | |  2.1

Action                   || total
-------------------------++-------
Melee: Spear             ||    86
Throw: Stone             ||     2
 Stab: Sleeping          ||     5
Armor: Robe              ||    18
Dodge: Dodged            ||    43

Table legend:
 A = Non-vault XP
 B = Vault XP
 C = Vault XP percentage of total XP
 D = Non-vault monster count
 E = Vault monster count
 F = Vault count percentage of total count
                 A         B        C        D         E       F
            +---------+---------+-------+---------+---------+-------
      Total |      44 |       0 |   0.0 |      21 |       0 |   0.0
            +---------+---------+-------+---------+---------+-------
        D:1 |      35 |       0 |   0.0 |      16 |       0 |   0.0
        D:2 |       9 |       0 |   0.0 |       5 |       0 |   0.0
            +---------+---------+-------+---------+---------+-------
